[Event "*** Titled Tuesday Blitz"]
[Site "Chess.com"]
[Date "2020.02.04"]
[Round "5"]
[White "zurzan"]
[Black "guillembaches"]
[Result "0-1"]
[WhiteElo "1994"]
[BlackElo "2332"]
[TimeControl "180+2"]
[EndTime "10:05:35 PST"]
[Termination "guillembaches won by resignation"]

1. f4 g6 2. Nf3 Bg7 3. g3 d5 4. Bg2 Nf6 5. O-O O-O 6. d3 d4 7. c3 c5 8. e4 dxe3 9. Bxe3 Qc7 10. Na3 Ng4 11. Bd2 Rd8 12. h3 Nh6 13. Qe2 Nf5 14.
Kh2 Nc6 15. g4 Nd6 16. Ne5 Bd7 17. Be3 Nxe5 18. fxe5 Bxe5+ 19. Kh1 Bc6 20. Qf2 Bxg2+ 21. Kxg2 e6 22. Nc4 Nxc4 23. dxc4 b6 24. Rad1 Rxd1 25.
Rxd1 Rd8 26. Rxd8+ Qxd8 27. h4 Qa8+ 28. Kg1 Qe4 29. Qd2 Qxg4+ 30. Kf1 Qxc4+ 31. Kg1 Qd5 32. Qe2 h5 33. Bg5 Kg7 34. Qe3 Bf6 35. Bxf6+ Kxf6 36. Qf2+ Qf5 37. Qh2 Qg4+ 38. Kf1 Qf5+ 39. Kg1 Qb1+ 40. Kg2 Qxb2+ 0-1

[Event "*** Titled Tuesday Blitz"]
[Site "Chess.com"]
[Date "2020.02.04"]
[Round "5"]
[White "Sanan_Sjugirov"]
[Black "ChristopherYoo"]
[Result "0-1"]
[WhiteElo "2822"]
[BlackElo "2628"]
[TimeControl "180+2"]
[EndTime "10:05:36 PST"]
[Termination "ChristopherYoo won by resignation"]

1. d4 Nf6 2. c4 g6 3. Nc3 d5 4.
cxd5 Nxd5 5. e4 Nxc3 6. bxc3 Bg7 7. Bc4 c5 8. Ne2 O-O 9. O-O Nc6 10. Be3 Bg4 11.
f3 Bd7 12. Qd2 Qa5 13. d5 Ne5 14. Bb3 Bb5 15. Rac1 Nc4 16. Bxc4 Bxc4 17. Rc2 Rfd8 18. Rb1 b6 19. Nf4 e6 20. Rd1 Rd7 21. Qe1 Rad8 22.
h4 Qa4 23. Qf2 exd5 24. exd5 Bxd5 25. Rcd2 Bc4 26. Rxd7 Rxd7 27. Rxd7 Qxd7 28. h5 Bxc3 29. Qc2 Bd4 30. Bf2 Bxf2+ 31. Qxf2 Qd4 0-1

[Event "*** Titled Tuesday Blitz"]
[Site "Chess.com"]
[Date "2020.02.04"]
[Round "5"]
[White "kleinebeer98"]
[Black "obliviate12"]
[Result "0-1"]
[WhiteElo "2678"]
[BlackElo "2874"]
[TimeControl "180+2"]
[EndTime "10:05:43 PST"]
[Termination "obliviate12 won by resignation"]

1. e4 c5 2. Nf3 d6 3. d4 cxd4 4. Nxd4 Nf6 5. Nc3 a6 6. h3 e5 7. Nb3 Be7 8. f4 Nbd7 9. g4 O-O 10. g5 Ne8 11. Nd5 exf4 12. h4 f6 13. Bc4 Kh8 14. Bxf4 Ne5 15. Bxe5 dxe5 16. Qh5 b5 17. Bd3 g6 18. Qh6 Rf7 19. h5 Bf8 20. hxg6 Bxh6 21.
gxf7 Nd6 22. Rxh6 Nxf7 23. Rxf6 Bg4 24. Rxf7 Qxg5 25. Kf2 Qh4+ 26. Ke3 Qh6+ 27. Kf2 Rf8 28. Rxf8+ Qxf8+ 29. Kg3 Qf3+ 30. Kh4 Qh3+ 31. Kg5 Kg7 0-1

[Event "*** Titled Tuesday Blitz"]
[Site "Chess.com"]
[Date "2020.02.04"]
[Round "5"]
[White "sergoy"]
[Black "Ginzburg_Yakov"]
[Result "1-0"]
[WhiteElo "2851"]
[BlackElo "2525"]
[TimeControl "180+2"]
[EndTime "10:05:46 PST"]
[Termination "sergoy won by resignation"]

1. e4 c5 2. Nf3 e6 3. d4 cxd4 4. Nxd4 Nc6 5. Nc3 Nf6 6. Nxc6 bxc6 7. e5 Nd5 8. Ne4 Qc7 9. f4 Qb6 10. c4 Ne3 11. Qd3 Bb4+ 12. Bd2 Nxf1 13. Rxf1 O-O 14. O-O-O Rb8 15. Ng5 g6 16. g4 Be7 17. Bc3 Ba6 18. Ne4 Rfd8 19. h4 Bb4 20. h5 Bxc3 21. Qxc3 Bxc4 22. Rh1 Bd5 23. Nf6+ Kf8 24. hxg6 Bxh1 25.
gxh7 Kg7 26. Rxh1 Qf2 27. Kb1 Qg2 28. Rd1 Qe2 29. Qd2 Qc4 30. f5 Rh8 31. Qg5+ Kf8 32. Nxd7+ Ke8 33. Nxb8 Qe4+ 34. Ka1 1-0

[Event "*** Titled Tuesday Blitz"]
[Site "Chess.com"]
[Date "2020.02.04"]
[Round "5"]
[White "NemtsevIgor"]
[Black "armago"]
[Result "0-1"]
[WhiteElo "2387"]
[BlackElo "2214"]
[TimeControl "180+2"]
[EndTime "10:05:46 PST"]
[Termination "armago won by resignation"]

1. d4 Nf6 2. Bf4 g6 3. e3 Bg7 4. Nf3 d6 5. Be2 O-O 6. O-O Nc6 7. Nc3 Nd7 8. e4 Nxd4 9. Nxd4 e5 10. Be3 exd4 11.
Bxd4 Ne5 12. f4 Nc6 13. Bxg7 Kxg7 14. f5 Qg5 15. Nd5 gxf5 16. Rf3 Kh8 17. Rg3 Qh6 18. Nxc7 f4 19. Rd3 Rb8 20. Rxd6 Qg7 21. Nd5 Bh3 22. Bf3 Rg8 23. Qd2 Bxg2 24. Bxg2 f3 25. Nf6 Rgd8 26. e5 Rxd6 27. exd6 Qxf6 28. Bh3 Rg8+ 29. Kh1 f2 30. Qc3 Nd4 31. Rf1 Rg1+ 32. Rxg1 fxg1=Q+ 33. Kxg1 Ne2+ 34. Kg2 Nxc3 0-1

[Event "*** Titled Tuesday Blitz"]
[Site "Chess.com"]
[Date "2020.02.04"]
[Round "5"]
[White "Firouzja2003"]
[Black "TrimitziosP7"]
[Result "1-0"]
[WhiteElo "3155"]
[BlackElo "2778"]
[TimeControl "180+2"]
[EndTime "10:05:49 PST"]
[Termination "Firouzja2003 won by resignation"]

1. e4 c6 2. Bc4 d5 3. Bb3 dxe4 4. Qh5 g6 5. Qh4 Nf6 6. Nc3 Bg7 7. Nge2 O-O 8. Nxe4 Nxe4 9. Qxe4 Nd7 10. d4 c5 11.
Be3 cxd4 12. Bxd4 Nf6 13. Qh4 Bd7 14. O-O-O Qc7 15. Kb1 Rac8 16. Nc3 Bf5 17. Rhe1 a6 18. h3 h5 19. f3 Rfd8 20. g4 hxg4 21. hxg4 Be6 22.
Rxe6 fxe6 23. Bxe6+ Kf8 24. Bxc8 Qxc8 25. Qe1 Qc6 26. g5 Nd7 27. Bxg7+ Kxg7 28. Qxe7+ 1-0

[Event "*** Titled Tuesday Blitz"]
[Site "Chess.com"]
[Date "2020.02.04"]
[Round "5"]
[White "WelshTiger"]
[Black "Harry_Rakkel"]
[Result "0-1"]
[WhiteElo "2288"]
[BlackElo "2539"]
[TimeControl "180+2"]
[EndTime "10:05:53 PST"]
[Termination "Harry_Rakkel won on time"]

1. e4 c5 2. Nf3 d6 3. d4 cxd4 4.
Nxd4 Nf6 5. Nc3 a6 6. Be2 e5 7. Nf3 Be7 8. Bg5 Nbd7 9. a4 h6 10. Bh4 b6 11. Nd2 Bb7 12. Bc4 g5 13. Bg3 Nc5 14. f3 Ne6 15. Nf1 h5 16. Ne3 h4 17.
Bf2 Nf4 18. O-O Rc8 19. Bb3 Rxc3 20. bxc3 g4 21. Nf5 gxf3 22. gxf3 Rg8+ 23. Kh1 Nxe4 24.
Be3 Qc8 25. Bxf4 Qxf5 26. Be3 Nxc3 0-1

[Event "*** Titled Tuesday Blitz"]
[Site "Chess.com"]
[Date "2020.02.04"]
[Round "5"]
[White "BabyBoss31"]
[Black "mortngabriel"]
[Result "0-1"]
[WhiteElo "2194"]
[BlackElo "2408"]
[TimeControl "180+2"]
[EndTime "10:05:53 PST"]
[Termination "mortngabriel won by resignation"]

1. d4 Nf6 2. c4 e6 3. Nf3 b6 4. a3 Ba6 5. Qc2 Bb7 6. Bg5 c5 7. Nc3 cxd4 8. Nxd4 Be7 9. Rd1 d6 10.
Ndb5 a6 11. Bxf6 gxf6 12. Nd4 Nd7 13. e3 Rc8 14. Be2 Bxg2 15. Rg1 Bb7 16. Bh5 Kf8 17.
Ne4 b5 18. Nxe6+ fxe6 19. Nxd6 Bxd6 20. Rxd6 Qe7 21. Qd2 Ne5 22. e4 h6 23. Qb4 Bxe4 24.
Ke2 a5 25. Rc6 Bxc6 26. Qxe7+ Kxe7 27. Rg7+ Kd6 0-1

[Event "*** Titled Tuesday Blitz"]
[Site "Chess.com"]
[Date "2020.02.04"]
[Round "5"]
[White "WPWPWP-2015"]
[Black "Korona_91"]
[Result "0-1"]
[WhiteElo "2534"]
[BlackElo "2410"]
[TimeControl "180+2"]
[EndTime "10:05:55 PST"]
[Termination "Korona_91 won by resignation"]

1. e4 e6 2. d4 d5 3. Nc3 Bb4 4. a3 Bxc3+ 5. bxc3 dxe4 6. Qg4 Nf6 7. Qxg7 Rg8 8. Qh6 Rg6 9. Qe3 c5 10. dxc5 Nc6 11. h3 e5 12. Ne2 Be6 13. g4 h5 14.
gxh5 Nxh5 15. Qxe4 Bd5 16. Qf5 Ng7 17. Qxg6 fxg6 18. Rg1 Be4 19. Bh6 Ne6 20. Ng3 Bxc2 21. Rc1 Qh4 22. Be3 Bf5 23. Bg2 O-O-O 24. Bf3 Nf4 25.
Nxf5 gxf5 26. Rb1 e4 27. Bd1 Nd3+ 28. Ke2 Qh5+ 29. Kd2 Nxf2+ 30. Kc2 Nxd1 0-1

[Event "*** Titled Tuesday Blitz"]
[Site "Chess.com"]
[Date "2020.02.04"]
[Round "5"]
[White "Kobalia"]
[Black "Msb2"]
[Result "1-0"]
[WhiteElo "2682"]
[BlackElo "2846"]
[TimeControl "180+2"]
[EndTime "10:06:02 PST"]
[Termination "Kobalia won by checkmate"]

1. e4 e6 2. d3 d5 3. Nd2 Nf6 4. Ngf3 b6 5. c3 Be7 6. e5 Nfd7 7. d4 c5 8. Bd3 Ba6 9. Bxa6 Nxa6 10. O-O b5 11.
Ne1 Nb6 12. Qg4 g6 13. Ndf3 h6 14. h4 c4 15. h5 g5 16. Nh2 Kd7 17. Qf3 Qg8 18. Ng4 Qh7 19. Nf6+ Bxf6 20. exf6 Qf5 21. g4 Qe4 22. Qg3 Kc6 23. Nf3 Nd7 24. a4 b4 25. b3 bxc3 26. Re1 Qc2 27. Ba3 Kb7 28. bxc4 dxc4 29. Rab1+ Nb6 30. a5 Nc7 31. axb6 axb6 32.
Qd6 Ra6 33. Ne5 Qa4 34. Nd7 Qxa3 35. Rxb6+ Kc8 36. Rb8# 1-0

[Event "*** Titled Tuesday Blitz"]
[Site "Chess.com"]
[Date "2020.02.04"]
[Round "5"]
[White "Rodchenkov_Vitalij"]
[Black "Atakishiyev04"]
[Result "1/2-1/2"]
[WhiteElo "2603"]
[BlackElo "2789"]
[TimeControl "180+2"]
[EndTime "10:06:03 PST"]
[Termination "Game drawn by repetition"]

1. Nf3 Nf6 2. c4 g6 3. b4 Bg7 4.
Bb2 O-O 5. e3 d5 6. cxd5 Nxd5 7.
Bxg7 Kxg7 8. Qb3 Nc6 9. a3 Bg4 10. Be2 a6 11. Qb2+ Kg8 12. O-O Qd7 13. d4 Bxf3 14.
Bxf3 e6 15. Nd2 Rfd8 16. Rac1 a5 17. b5 Nce7 18. Ne4 b6 19. Rc2 Rac8 20. Rfc1 h6 21. h3 Kg7 22. Nc3 h5 23. Ne4 Nf5 24. Nd2 Nd6 25. Bxd5 exd5 26. Rc6 f6 27. a4 Qf7 28. Qc3 Rd7 29. Qa3 g5 30. R1c3 Re8 31. Qc1 Ree7 32. Qd1 h4 33. Qg4 Qg6 34. Qd1 Qf7 35. Qc2 Qg6 36. Qd1 Qf7 1/2-1/2

[Event "*** Titled Tuesday Blitz"]
[Site "Chess.com"]
[Date "2020.02.04"]
[Round "5"]
[White "dretch"]
[Black "tunadrol"]
[Result "1-0"]
[WhiteElo "2748"]
[BlackElo "2575"]
[TimeControl "180+2"]
[EndTime "10:06:04 PST"]
[Termination "dretch won by resignation"]

1. d4 Nf6 2. c4 g6 3. Nc3 d5 4. e3 Bg7 5. Qb3 dxc4 6. Bxc4 O-O 7.
Nf3 c5 8. d5 Ne8 9. O-O Nd6 10.
e4 Bg4 11. Nd2 Bd4 12. Be2 f5 13. Bxg4 fxg4 14. Ne2 Nd7 15. Nxd4 cxd4 16. Qg3 h5 17. h3 Nf6 18. hxg4 Nxg4 19. f3 Ne3 20. Qxg6+ Kh8 21. Qxh5+ Kg7 22. Nb3 Qb6 23. Qe5+ Rf6 24. Rf2 Rh8 25.
Nxd4 Ndc4 26. Qg5+ Rg6 27. Qxe7+ Kg8 28. Bxe3 Nxe3 29. Rc1 Rg7 30. Rc8+ Kh7 31. Qh4+ Kg6 32. Qg3+ Kh7 33. Qh3+ Kg6 34. Rxh8 Qxd4 35. Qh5+ Kf6 36.
e5+ Qxe5 37. Rh6+ 1-0

[Event "*** Titled Tuesday Blitz"]
[Site "Chess.com"]
[Date "2020.02.04"]
[Round "5"]
[White "platy3"]
[Black "LastGladiator1"]
[Result "0-1"]
[WhiteElo "2903"]
[BlackElo "2847"]
[TimeControl "180+2"]
[EndTime "10:06:05 PST"]
[Termination "LastGladiator1 won by resignation"]

1. e4 e6 2. d4 d5 3. Nc3 Bb4 4. e5 b6 5. a3 Bf8 6. f4 Nh6 7. Nf3 c5 8. Bb5+ Bd7 9. Be2 Nf5 10. g4 Nxd4 11. Nxd4 Qh4+ 12. Kf1 cxd4 13. Nb5 Qh3+ 14.
Kf2 Bc5 15. Qd3 Qxd3 16. Bxd3 Bxb5 17. Bxb5+ Kd8 18. b4 Be7 19. Bb2 a6 20. Be2 Nc6 21. Rhd1 Kc8 22. Bxd4 Nxd4 23. Rxd4 a5 24. Rb1 Rf8 25.
c4 axb4 26. axb4 f6 27. cxd5 fxe5 28. Rc4+ Kd7 29. dxe6+ Kxe6 30. f5+ Kf7 31. Rc6 Rfc8 32. Rbc1 Bc5+ 33. bxc5 Rxc6 34. Bf3 Ra2+ 35. Kg1 Rxc5 36. Rxc5 Ra1+ 0-1

[Event "*** Titled Tuesday Blitz"]
[Site "Chess.com"]
[Date "2020.02.04"]
[Round "5"]
[White "Tjktiger"]
[Black "DamianoLew95"]
[Result "1-0"]
[WhiteElo "2756"]
[BlackElo "2594"]
[TimeControl "180+2"]
[EndTime "10:06:15 PST"]
[Termination "Tjktiger won by resignation"]

1. c4 Nf6 2. Nc3 d5 3. cxd5 Nxd5 4. g3 g6 5. Bg2 Nxc3 6. bxc3 Bg7 7. Rb1 c6 8. h4 h5 9. Nf3 O-O 10. O-O Nd7 11.
d4 e5 12. Qc2 Re8 13. Rd1 exd4 14. cxd4 Nb6 15. Ne5 Nd7 16. Bg5 Bf6 17. Bxf6 Nxf6 18. e4 Nd7 19. Nd3 Nb6 20. Nf4 Qe7 21. a4 Qa3 22.
Ra1 Qb4 23. a5 Qc4 24. Qd2 Nd7 25. Bf1 Qb3 26. Bd3 f6 27. Nxg6 Qf7 28. Qh6 Qg7 29.
Bc4+ 1-0

[Event "*** Titled Tuesday Blitz"]
[Site "Chess.com"]
[Date "2020.02.04"]
[Round "5"]
[White "hypert"]
[Black "Elshan1985"]
[Result "0-1"]
[WhiteElo "2458"]
[BlackElo "2681"]
[TimeControl "180+2"]
[EndTime "10:06:20 PST"]
[Termination "Elshan1985 won by resignation"]

1. e4 d6 2. d4 Nf6 3. Nc3 g6 4. Be3 Bg7 5. h3 c6 6. a4 Nbd7 7. Nf3 e5 8. dxe5 dxe5 9. Bc4 O-O 10. O-O Qe7 11. Qb1 b6 12. Qa2 a6 13. Rfd1 Bb7 14. Nd2 b5 15. Bf1 Rfd8 16. axb5 cxb5 17. f3 Rdc8 18. Nb3 b4 19. Na5 bxc3 20. Nxb7 cxb2 21. Qxb2 Rcb8 22. Bxa6 Nf8 23. Rdb1 Ne6 24. Qb6 Nd7 25. Qc6 Nd4 26. Bxd4 exd4 27. Nd6 d3 28. Rxb8+ Rxb8 29.
Rd1 Ne5 30. Qc5 Bf8 31. cxd3 Qxd6 32. Qxd6 Bxd6 33. d4 Nc6 34. e5 Be7 35. f4 Nxd4 36. Kh2 Rd8 37. Rf1 Nf5 38. Bc4 Rd4 39. Bb3 Rb4 40.
Bd5 Ne3 0-1

[Event "*** Titled Tuesday Blitz"]
[Site "Chess.com"]
[Date "2020.02.04"]
[Round "5"]
[White "DDTerziev04"]
[Black "RojonR"]
[Result "0-1"]
[WhiteElo "2207"]
[BlackElo "2432"]
[TimeControl "180+2"]
[EndTime "10:06:25 PST"]
[Termination "RojonR won on time"]

1. e4 e5 2. Nf3 Nc6 3. Bc4 Nf6 4. O-O h6 5. d3 d6 6. Nbd2 g5 7. c3 Bg7 8. Re1 g4 9. Nh4 Nxe4 10. Nxe4 Qxh4 11. d4 O-O 12. d5 Ne7 13. g3 Qh5 14.
h4 f5 15. Nc5 Kh8 16. Ne6 Bxe6 17. dxe6 Rad8 18. Qb3 f4 19. Qxb7 fxg3 20. fxg3 Nf5 21. Qg2 c6 22. Bd3 Rde8 23. Bxf5 Qxf5 24. Be3 Qxe6 25.
Bxa7 Rf3 26. Rf1 e4 27. Bd4 Bxd4+ 28. cxd4 Ref8 29. Rae1 e3 30. b3 Qe4 31. d5 cxd5 32.
Qb2+ d4 33. Qg2 Kg7 0-1

[Event "*** Titled Tuesday Blitz"]
[Site "Chess.com"]
[Date "2020.02.04"]
[Round "5"]
[White "SHIVACalypso"]
[Black "FearNoEvil12"]
[Result "1-0"]
[WhiteElo "2215"]
[BlackElo "2004"]
[TimeControl "180+2"]
[EndTime "10:06:26 PST"]
[Termination "SHIVACalypso won by resignation"]

1. Nf3 b5 2. a4 b4 3. d4 Bb7 4. a5 a6 5. e3 e6 6. Bd3 Nf6 7. O-O d6 8. c4 bxc3 9. bxc3 Nbd7 10. c4 Rg8 11. Nc3 g5 12. Ba3 g4 13. Nd2 h5 14. Nde4 Bh6 15. Qa4 Kf8 16. Rfb1 Rb8 17.
Nxd6 cxd6 18. Bxd6+ Kg7 19. Bxb8 Qxb8 20. Qb4 Ba8 21.
Qxb8 Nxb8 22. Na4 Nbd7 23. Nb6 Bc6 24. c5 h4 25. Bxa6 g3 26. hxg3 hxg3 27. Nxd7 Nxd7 28.
Bb5 gxf2+ 29. Kxf2 Bxb5 30. Rxb5 Nf6 31. Kf3 Nd5 32. a6 Bxe3 33. a7 Bxd4 34. a8=Q Rxa8 35.
Rxa8 Nc7 36. Rab8 Nxb5 37. Rxb5 Kf8 38. c6 Ke7 39. Rb7+ Kd6 40. c7 Kd7 41. c8=Q+ Kxc8 42. Rxf7 e5 43. g4 Kd8 44. g5 Ke8 45. g6 Bb2 46. Ke4 Bc3 47. Kf5 Bd4 48. Ke6 e4 49. g7 Bxg7 50.
Rxg7 Kf8 51. Rg4 e3 52. Re4 1-0

[Event "*** Titled Tuesday Blitz"]
[Site "Chess.com"]
[Date "2020.02.04"]
[Round "5"]
[White "SabinaFoisor"]
[Black "Ariadna_Atreides"]
[Result "1-0"]
[WhiteElo "2302"]
[BlackElo "2060"]
[TimeControl "180+2"]
[EndTime "10:06:27 PST"]
[Termination "SabinaFoisor won by checkmate"]

1. d4 e6 2. Nf3 c5 3. e3 Nf6 4. Bd3 b6 5. O-O Bb7 6. c4 Be7 7. b3 O-O 8. Bb2 d6 9. Nbd2 Nc6 10. Rc1 a5 11. Bb1 Qd7 12. d5 exd5 13. cxd5 Nxd5 14. Nc4 Qe6 15. e4 Nf4 16. Nxb6 Rad8 17. Nd5 Ng6 18. Qd2 Nce5 19. Ng5 Bxg5 20. Qxg5 h6 21. Qd2 Qg4 22. f3 Qd7 23. f4 Nc6 24. Qc3 f6 25. Qg3 Nge7 26.
Nxf6+ Rxf6 27. Bxf6 Nc8 28. Bxd8 Qxd8 29. e5 dxe5 30.
fxe5 Qd4+ 31. Kh1 Nxe5 32. Rcd1 Qb2 33. Rd8# 1-0

[Event "*** Titled Tuesday Blitz"]
[Site "Chess.com"]
[Date "2020.02.04"]
[Round "5"]
[White "VincentKeymer"]
[Black "NiranjanNavalgund"]
[Result "1/2-1/2"]
[WhiteElo "2691"]
[BlackElo "2418"]
[TimeControl "180+2"]
[EndTime "10:06:28 PST"]
[Termination "Game drawn by agreement"]

1. c4 e6 2. Nc3 d5 3. d4 c5 4. cxd5 exd5 5. Nf3 Nc6 6. g3 Nf6 7. Bg2 cxd4 8. Nxd4 Bc5 9. Nb3 Bb6 10. O-O d4 11.
Na4 O-O 12. Bg5 Re8 13. Nxb6 axb6 14. Re1 h6 15. Bxc6 bxc6 16. Bxf6 Qxf6 17. Qxd4 Qd8 18. Qxd8 Rxd8 19. e3 c5 20. Kf1 Ba6+ 21. Kg2 Bc4 22.
Rec1 Bxb3 23. axb3 Rxa1 24. Rxa1 Rd3 25. Ra3 h5 26. b4 Rd2 27. bxc5 bxc5 28. Rb3 g6 29. h3 Kg7 30. Kf3 c4 31. Rb4 Rc2 32. e4 c3 33.
bxc3 Rxc3+ 34. Kg2 Kf6 35. h4 Ke5 36. Ra4 Rb3 37. Ra7 Kf6 38. Ra5 Rc3 39. Kf1 Rc4 40. e5+ Kf5 41. Kg2 Re4 42. f4 Re3 43. Kf2 Rb3 44. e6+ Kxe6 45. Re5+ 1/2-1/2

[Event "*** Titled Tuesday Blitz"]
[Site "Chess.com"]
[Date "2020.02.04"]
[Round "5"]
[White "KhazarBabazada"]
[Black "Evgeny81"]
[Result "0-1"]
[WhiteElo "2919"]
[BlackElo "2693"]
[TimeControl "180+2"]
[EndTime "10:06:31 PST"]
[Termination "Evgeny81 won by resignation"]

1. e4 e5 2. Nf3 Nc6 3. Bb5 a6 4. Ba4 Nf6 5. O-O Be7 6. Re1 b5 7. Bb3 d6 8. d3 Na5 9. Nbd2 O-O 10. Nf1 Nxb3 11. axb3 c5 12. Ng3 Re8 13. h3 g6 14.
Bg5 Nd7 15. Bxe7 Qxe7 16. Qd2 Nf8 17. Ra5 Ne6 18. Rea1 Bb7 19. Nf1 f5 20. Ng3 Rf8 21. Re1 f4 22. Ne2 g5 23. Nc3 h5 24. Nd5 Qg7 25. b4 g4 26. hxg4 hxg4 27. Nh4 Qg5 28. Nf5 Rxf5 29. exf5 Nd4 30. Ne7+ Kf7 31. Kf1 Bxg2+ 32.
Kxg2 f3+ 0-1

[Event "*** Titled Tuesday Blitz"]
[Site "Chess.com"]
[Date "2020.02.04"]
[Round "5"]
[White "Kimster98"]
[Black "vovachesss"]
[Result "1-0"]
[WhiteElo "2705"]
[BlackElo "2573"]
[TimeControl "180+2"]
[EndTime "10:06:32 PST"]
[Termination "Kimster98 won on time"]

1. d4 Nf6 2. c4 g6 3. g3 c6 4. Bg2 d5 5. Qa4 Nbd7 6. cxd5 cxd5 7. Nc3 Bg7 8. e3 O-O 9. Nge2 Nb6 10. Qd1 Bf5 11. b3 Rc8 12. Bb2 Qd7 13. O-O Rc7 14. Rc1 Rfc8 15. Qd2 h5 16. Nf4 e6 17. Nd3 Bf8 18.
Ne5 Qe8 19. f3 a5 20. e4 dxe4 21. fxe4 Bb4 22. exf5 Nbd5 23. fxg6 fxg6 24. Bxd5 Nxd5 25. Nxd5 exd5 26. Qg5 Rc2 27. Nxg6 1-0

[Event "*** Titled Tuesday Blitz"]
[Site "Chess.com"]
[Date "2020.02.04"]
[Round "5"]
[White "Gordima"]
[Black "Rud_Makarian"]
[Result "1-0"]
[WhiteElo "2789"]
[BlackElo "2608"]
[TimeControl "180+2"]
[EndTime "10:06:35 PST"]
[Termination "Gordima won by checkmate"]

1. d4 Nf6 2. Nf3 g6 3. Bg5 Bg7 4. Nbd2 d5 5. e3 O-O 6. Be2 c5 7. c3 cxd4 8. exd4 Nc6 9. O-O Bf5 10. Nh4 Ne4 11. Bf4 Nxd2 12. Qxd2 Be6 13. Qe3 Rc8 14. Rae1 Qd7 15. Bd3 Rfe8 16. Bh6 Bf6 17. Qf4 Bg4 18. h3 Bxh4 19. hxg4 Bf6 20. Re2 Qc7 21. Qf3 Bg7 22. Bf4 Qd7 23. Rfe1 a6 24. g5 b5 25. a3 e6 26. g3 Bf8 27. Kg2 Bd6 28. Bxd6 Qxd6 29.
Qf6 Qd8 30. Qf4 Qc7 31. Qh4 e5 32. dxe5 Nxe5 33. Qf4 Nxd3 34. Rxe8+ Kg7 35. Qf6# 1-0

[Event "*** Titled Tuesday Blitz"]
[Site "Chess.com"]
[Date "2020.02.04"]
[Round "5"]
[White "PIwan"]
[Black "artooon"]
[Result "0-1"]
[WhiteElo "2505"]
[BlackElo "2802"]
[TimeControl "180+2"]
[EndTime "10:06:38 PST"]
[Termination "artooon won by resignation"]

1. c4 Nf6 2. Nc3 e6 3. e4 d5 4. e5 d4 5. exf6 dxc3 6. bxc3 Qxf6 7. Nf3 c5 8. Bd3 Nc6 9. O-O Bd6 10. Qc2 h6 11. Rb1 O-O 12. Bh7+ Kh8 13. Be4 Rd8 14. Rd1 e5 15. d3 Rb8 16. Be3 Bd7 17. h3 b6 18. d4 exd4 19. cxd4 cxd4 20. Nxd4 Nxd4 21. Bxd4 Be5 22. Bxe5 Qxe5 23. c5 bxc5 24. Rxb8 Qxb8 25. Qxc5 Be6 26. Rxd8+ Qxd8 27. Qxa7 f5 28. Qa8 Qxa8 29.
Bxa8 Bxa2 30. f4 g5 31. Kf2 Kg7 32. g4 gxf4 33. Kf3 fxg4+ 34. hxg4 Kf6 35. Kxf4 Be6 36.
Be4 Ba2 37. Bf5 Bd5 38. Bc8 Bf7 39. Bf5 Be8 40. Bc8 Bf7 41. Bf5 Ba2 42. Bc8 Bc4 43. Bf5 Ba6 44. Bc8 Bxc8 0-1

[Event "*** Titled Tuesday Blitz"]
[Site "Chess.com"]
[Date "2020.02.04"]
[Round "5"]
[White "Genghis_K"]
[Black "FairChess_on_YouTube"]
[Result "0-1"]
[WhiteElo "2908"]
[BlackElo "3050"]
[TimeControl "180+2"]
[EndTime "10:06:40 PST"]
[Termination "FairChess_on_YouTube won by resignation"]

1. e4 c5 2. Nf3 Nc6 3. Nc3 e6 4. d4 cxd4 5. Nxd4 a6 6. Be3 Nf6 7. Qf3 Qc7 8. O-O-O Rb8 9. Be2 Bb4 10. e5 Nxe5 11. Qg3 O-O 12. Bh6 g6 13. Bxf8 Bxf8 14. Rhe1 d6 15. f4 Nc6 16. Nb3 d5 17. Qe3 b5 18. g4 Bg7 19. f5 b4 20. Na4 exf5 21. g5 Ne4 22. Rxd5 Be6 23. Rdd1 Na5 24. Kb1 Rc8 25.
Bd3 Nc4 26. Bxc4 Qxc4 27. Qd3 Qc6 28. Nd4 Bxd4 29. Qxd4 Qxc2+ 30. Ka1 Qxa4 31. b3 Bxb3 32. Qb2 Bxd1 0-1

[Event "*** Titled Tuesday Blitz"]
[Site "Chess.com"]
[Date "2020.02.04"]
[Round "5"]
[White "DevikBronstein"]
[Black "albi1999"]
[Result "1-0"]
[WhiteElo "2728"]
[BlackElo "2508"]
[TimeControl "180+2"]
[EndTime "10:06:41 PST"]
[Termination "DevikBronstein won by resignation"]

1. e4 e5 2. Nf3 Nc6 3. Bb5 a6 4. Ba4 Nf6 5. O-O b5 6. Bb3 Be7 7. Re1 O-O 8. a4 b4 9. d3 d6 10.
Nbd2 Na5 11. Ba2 c5 12. c3 Rb8 13. d4 cxd4 14. cxd4 Qc7 15. h3 h6 16. Nf1 Rd8 17.
d5 b3 18. Bb1 Nc4 19. Bd3 Bd7 20. Ne3 Nxe3 21. Bxe3 Qa5 22. Bd2 Qb6 23. Be3 Qb7 24. Nd2 Rdc8 25. Ra3 Qa8 26. Rxb3 Bd8 27. Rxb8 Rxb8 28.
Nc4 Ne8 29. Bd2 Qb7 30. Bc3 Qc8 31. Nd2 Bb6 32. a5 Ba7 33. Qe2 Bb5 34. Bxb5 Rxb5 35. Nf1 Nf6 36. Ng3 g6 37. Qd2 Kg7 38. Kh2 Qc4 39. f4 Nd7 40. fxe5 Nxe5 41. Rf1 f6 42. Qf4 Nd7 43. Bxf6+ 1-0

[Event "*** Titled Tuesday Blitz"]
[Site "Chess.com"]
[Date "2020.02.04"]
[Round "5"]
[White "przemekpiotrowski"]
[Black "Hydrargyrum_Girl"]
[Result "0-1"]
[WhiteElo "2351"]
[BlackElo "2194"]
[TimeControl "180+2"]
[EndTime "10:06:42 PST"]
[Termination "Hydrargyrum_Girl won by resignation"]

1. e4 e5 2. Nf3 Nc6 3. Bc4 Bc5 4. Nc3 Nf6 5. d3 h6 6. Be3 Bb6 7. Qe2 d6 8. h3 Qe7 9. a3 Be6 10. Bxe6 Qxe6 11. Nh4 Nd4 12. Bxd4 Bxd4 13. Nf5 Bxc3+ 14. bxc3 O-O 15. c4 c6 16. Rb1 b6 17. O-O d5 18.
cxd5 cxd5 19. Rb5 Rac8 20. a4 Rfe8 21. a5 Qc6 22. Rfb1 dxe4 23. axb6 axb6 24. Rxb6 Qxc2 25. Qxc2 Rxc2 26. Nd6 Rd8 27. Nxe4 Nxe4 28. dxe4 Rdd2 29. Rf1 Rd4 30. Rb8+ Kh7 31. Rb3 Rxe4 32. Rf3 f6 33.
Ra1 Rec4 34. Ra7 Rc7 35. Ra8 Rc1+ 36. Kh2 R1c4 37. Raa3 Rc2 38. g3 Rc1 39. h4 h5 40.
Ra8 R1c3 41. Kg2 Rxf3 42. Kxf3 Rc3+ 43. Ke4 Kg6 44. Ra6 Rc2 45. Ke3 Rc4 46. Ra7 Rc3+ 47. Kd2 Rf3 48. Ke2 Rb3 49. Rb7 Rxb7 0-1

[Event "*** Titled Tuesday Blitz"]
[Site "Chess.com"]
[Date "2020.02.04"]
[Round "5"]
[White "kuli4ik"]
[Black "M1711"]
[Result "1-0"]
[WhiteElo "2845"]
[BlackElo "2520"]
[TimeControl "180+2"]
[EndTime "10:06:45 PST"]
[Termination "kuli4ik won by resignation"]

1. d4 d5 2. c4 dxc4 3. Nc3 a6 4. a4 e5 5. e3 exd4 6. exd4 Bd6 7.
Bxc4 Nf6 8. Nf3 O-O 9. O-O h6 10. Ne5 Nbd7 11. Re1 c5 12. Qb3 Bxe5 13. dxe5 Ng4 14.
Bf4 Qh4 15. Bg3 Qh5 16. e6 fxe6 17. Bxe6+ Kh8 18. h3 Ngf6 19. Rad1 c4 20. Qxc4 Nb6 21.
Qb3 Bxe6 22. Qxe6 Qa5 23. Bc7 Nh5 24. Bxb6 Qg5 25. Qg4 Qxg4 26. hxg4 Nf4 27. Re7 Rf6 28. Be3 Ng6 29. Rxb7 Re8 30. Rdd7 Ref8 31. Rxg7 Rd8 32. Rh7+ Kg8 33. Rbg7+ Kf8 34. Bc5+ 1-0

[Event "*** Titled Tuesday Blitz"]
[Site "Chess.com"]
[Date "2020.02.04"]
[Round "5"]
[White "gena217"]
[Black "Nikolakis2014"]
[Result "1-0"]
[WhiteElo "2999"]
[BlackElo "2703"]
[TimeControl "180+2"]
[EndTime "10:06:47 PST"]
[Termination "gena217 won on time"]

1. e4 e5 2. Nf3 Nc6 3. Bb5 a6 4.
Ba4 Nf6 5. O-O Be7 6. d3 b5 7. Bb3 d6 8. a3 O-O 9. Nc3 Bb7 10. Re1 Nb8 11. Ne2 Nbd7 12. Ng3 Nc5 13. Ba2 Ne6 14. c3 Re8 15. d4 Bf8 16. a4 c5 17. Bxe6 Rxe6 18.
d5 Re8 19. h3 Qc7 20. Bg5 Nd7 21. Nh2 c4 22. Ng4 Nc5 23. Nf6+ gxf6 24. Bxf6 Bc8 25. Nh5 h6 26. Re3 Kh7 27. Qf3 Nd3 28. Rxd3 cxd3 29.
Qg3 Qc4 30. Bh4 Kh8 31. Nf6 Be7 32. Nxe8 Bg4 33. Bxe7 Rxe8 34. Bf6+ Kh7 35. Qxg4 Rg8 36. Qf3 Rg6 37. Be7 Kg7 38. axb5 Qxb5 39. Rd1 Qxb2 40. Qxd3 a5 41. Rb1 Qa3 42. Qf3 a4 43. Rb8 Qc1+ 44. Kh2 1-0